 Dungeon Crawl Stone Soup version 0.28-a0-1510-gd0f6b136d3 (webtiles) character file.

Game seed: 12031391136049189003

249 comborobin the Skirmisher (level 5, -1/42 HPs)
             Began as a Mummy Delver on Jan 15, 2022.
             Slain by a vampire mosquito (3 damage)
             ... on level 5 of the Dungeon.
             The game lasted 00:08:12 (6136 turns).

comborobin the Skirmisher (Mummy Delver)            Turns: 6136, Time: 00:08:13

Health: -1/42      AC: 10    Str: 15    XL:     5   Next: 86%
Magic:  5/5        EV:  7    Int:  9    God:
Gold:   82         SH:  0    Dex: 16    Spells: 3/4 levels left

rFire   x . .      SeeInvis .   a - +0 spear
rCold   + . .      Faith    .   (no shield)
rNeg    + + +      Spirit   .   d - +0 chain mail
rPois   ∞          Reflect  .   (no helmet)
rElec   .          Harm     .   g - scarf {repulsion}
rCorr   .          Rampage  .   i - +0 pair of gloves
Will    .....                   (no boots)
Stlth   ..........              (no amulet)
HPRegen 0.14/turn               (no ring)
MPRegen 0.09/turn               (no ring)

@: repel missiles
A: cold resistance 1, negative energy resistance 3, torment resistance 2, heat
vulnerability 1, no potions
a: no special abilities


You were on level 5 of the Dungeon.
You visited 1 branch of the dungeon, and saw 6 of its levels.

You collected 158 gold pieces.
You spent 76 gold pieces at shops.

Inventory:

Hand Weapons
 a - a +0 spear (weapon)
Missiles
 f - a throwing net
 l - 7 poisoned darts (quivered)
Armour
 b - a +0 leather armour
 d - a +0 chain mail (worn)
 g - a scarf of repulsion (worn)
 h - a +0 ring mail
 i - a +0 pair of gloves (worn)
 k - a +0 tower shield
Jewellery
 j - a ring of resist corrosion
Scrolls
 c - a scroll of fog
 e - 3 scrolls of identify
 m - a scroll of amnesia


   Skills:
 - Level 4.2 Fighting
 - Level 3.0 Polearms
 * Level 3.0 Armour
 - Level 1.5 Dodging
 - Level 4.1 Stealth


You had 3 spell levels left.
You knew the following spells:

 Your Spells              Type           Power      Damage    Failure   Level
A - Apportation           Tloc           0%         N/A       100%        1

Your spell library contained the following spells:

 Spells                   Type           Power      Damage    Failure   Level
 Alistair's Intoxication  Tmut/Pois      0%         N/A       100%        5
 Summon Hydra             Summ           0%         N/A       100%        7
 Sublimation of Blood     Necr           Unusable   N/A       N/A         2
 Wereblood                Tmut           Unusable   N/A       N/A         2

Dungeon Overview and Level Annotations

Branches:
Dungeon (6/15)
 Temple: D:4-7

Altars:
Gozag
Kikubaaqudgha
Yredelemnul

Shops:
D:2 (:[*[

Annotations:
D:3 Sigmund
D:4 3 runed translucent doors, knot's ghost, amateur DsBe


Innate Abilities, Weirdness & Mutations

You are immune to poison.
Your flesh is cold resistant. (rC+)
You are immune to negative energy. (rN+++)
You are immune to unholy pain and torment.
You are vulnerable to heat. (rF-)
You do not drink.


Message History

The vampire mosquito is moderately damaged.
The vampire mosquito completely misses you.
The vampire mosquito bites you but does no damage.
You aren't carrying any items that you can evoke.
Unknown command.
Okay, then.
Unknown command.
You closely miss the vampire mosquito.
The vampire mosquito is moderately damaged.
The vampire mosquito bites you.
The vampire mosquito closely misses you.
You hit the vampire mosquito but do no damage.
The vampire mosquito is moderately damaged.
The vampire mosquito closely misses you.
The vampire mosquito bites you!
* * * LOW HITPOINT WARNING * * *
You barely miss the vampire mosquito.
The vampire mosquito is moderately damaged.
The vampire mosquito bites you but does no damage.
Okay, then.
You can't drink.
Unknown command.
Sorry, you're not good enough to have a special ability.
Unknown command.
Okay, then.
The vampire mosquito bites you.
* * * LOW HITPOINT WARNING * * *
You aren't carrying any items that you can evoke.
The vampire mosquito bites you.
* * * LOW HITPOINT WARNING * * *
The vampire mosquito bites you but does no damage.
The vampire mosquito barely misses you. The vampire mosquito barely misses you.
The vampire mosquito barely misses you. The vampire mosquito bites you.
* * * LOW HITPOINT WARNING * * *
The vampire mosquito barely misses you.
The vampire mosquito bites you but does no damage.
The vampire mosquito bites you.
You die...

***,****#.####..# *,* #.......#
*,* ######.## *,* #####.#
***,*#####.....# #########
,*,,,#...#.########.......#
,*,,*#...'.## #....###..# **##
,,,,,#...##.#####y#.## ##.####...
**,,,#######.#..@...# #.....$#*
*,,,,,* ##.<##.#.#* *#.####.#*
*,,,,,* ##.##.#..#*#..# *,..
*,,,,,* #..#.........# *,*#
**,,,** #.#.##########***,**
*<,,* **#.##.# *,,,,,,,**,,,
***,,,******,...,.#**,,,,,,,*****
,,,,,,,,,,,,,...,,.**,,,,,,,* *,
,,,,,,,,,,,,,..#,,,.,,,,,,,,* *,


You could see a vampire mosquito.

Vanquished Creatures
  An orc priest (D:3)
  2 iguanas
  Terence (D:3)
  A howler monkey skeleton (D:5)
  5 adders
  An ufetubus (D:4)
  2 adder zombies (D:4)
  2 dart slugs
  3 orcs
  11 ball pythons
  7 bats
  4 endoplasms
  7 giant cockroaches
  A goblin (D:2)
  5 hobgoblins
  2 jackals (D:1)
  2 kobolds
  5 quokkas
  2 frilled lizards
  3 rats
67 creatures vanquished.

Vanquished Creatures (others)
  A withered plant (D:1)
1 creature vanquished.

Grand Total: 68 creatures vanquished

Notes
Turn   | Place    | Note
-------+----------+-------------------------------------------
     0 | D:5      | comborobin the Mummy Delver began the quest for the Orb.
     0 | D:5      | Reached XP level 1. HP: 18/18 MP: 1/1
     1 | D:6      | Noticed a gnoll shaman
    46 | D:5      | Noticed a scorpion
   107 | D:4      | Noticed an iguana
   126 | D:3      | Reached XP level 2. HP: 11/24 MP: 2/2
   284 | D:3      | Noticed Sigmund
  1034 | D:1      | Found a faded altar of an unknown god.
  1050 | D:1      | Reached XP level 3. HP: 24/29 MP: 3/3
  1823 | D:2      | Found Yjuecuero's Antique Weapon Shoppe.
  1846 | D:2      | Found Itoy's Book Shoppe.
  2003 | D:2      | Found Nefiah's Armour Boutique.
  2006 | D:2      | Bought a +0 pair of gloves for 49 gold pieces
  2018 | D:2      | Found Ruvonu Kipe's Assorted Antiques.
  2025 | D:2      | Found Meattek's Antique Armour Shoppe.
  2026 | D:2      | Bought a scroll labelled WOUKEIDAEH for 27 gold pieces
  2209 | D:2      | Found an opulent altar of Gozag.
  2408 | D:3      | Reached skill level 1 in Armour
  2408 | D:3      | Reached XP level 4. HP: 10/35 MP: 4/4
  2729 | D:3      | Noticed Terence
  2797 | D:3      | HP: 1/35 [quokka (3)]
  3377 | D:4      | Noticed an ogre
  3848 | D:3      | Reached XP level 5. HP: 25/42 MP: 5/5
  3963 | D:3      | Found an ancient bone altar of Kikubaaqudgha.
  4944 | D:3      | Killed Terence
  5073 | D:4      | Found a runed translucent gate.
  5073 | D:4      | Found a runed translucent gate.
  5073 | D:4      | Found a runed translucent gate.
  5073 | D:4      | Noticed knot's ghost (amateur DsBe)
  5075 | D:4      | Found a basalt altar of Yredelemnul.
  5075 | D:4      | Noticed a black bear
  5529 | D:4      | Learned a level 1 spell: Apportation
  6115 | D:5      | Noticed a vampire mosquito
  6132 | D:5      | HP: 1/42 [vampire mosquito (3)]
  6136 | D:5      | Slain by a vampire mosquito

Illustrated notes

Levels and vault maps discovered:
D:1:      dpeg_arrival_three_same_balls, layout_basic,
          ebering_ecumenical_altar_petrified
D:2:      wad_pebble_path, layout_rooms, serial_shops, nicolae_square_shop,
          shop, shop_fountains, nicolae_shop_hallway_plus,
          nicolae_shop_behind_doors, basic_altar, minmay_tripent
D:3:      layout_loops_ring, mainiacjoe_overflow_catwalk, portal_sewer_entry_f,
          uniq_sigmund, uniq_terence
D:4:      layout_cave_pods, nicolae_yredelemnul_ghost_church,
          grunt_ministairs_13
D:5:      layout_loops_cross, eino_tiny_chamber
D:6:      minmay_skewed_foursquare, layout_layer_cave,
          minmay_temple_entry_sparse_star, serial_shops, nicolae_diamond_shop,
          minmay_chambers_of_fives, uniq_menkaure

Skill      XL: |  1  2  3  4  5 |
---------------+----------------+-----
Polearms       | 2 3 |  3.0
Armour         | 1 2 3 |  3.0
Fighting       | 4 |  4.2
Dodging        | |  1.5
Stealth        | |  4.1

Action                   |  1- 3 |  4- 6 || total
-------------------------+-------+-------++-------
Melee: Spear             |   134 |   266 ||   400
       Punch             |       |     3 ||     3
Throw: Dart              |       |     6 ||     6
Evoke: Wand              |     3 |     2 ||     5
  Use: Scroll            |     4 |     4 ||     8
 Stab: Sleeping          |     5 |       ||     5
Armor: Leather armour    |    43 |       ||    43
       Chain mail        |       |   162 ||   162
Dodge: Dodged            |    88 |   118 ||   206
       Repelled          |       |     4 ||     4

Table legend: (Time is in decaauts)
 A = Elapsed time spent in this place.
 B = Non-inter-level travel time spent in this place.
 C = Inter-level travel time spent in this place.
 D = Time resting spent in this place.
 E = Time spent auto-exploring this place.
 F = Levels seen in this place.
 G = Mean time per level.
                   A        B        C        D        E       F      G
               +--------+--------+--------+--------+--------+-----+--------+
         Total |   6129 |   5797 |    332 |   2222 |   2128 |   6 | 1021.5 |
       Dungeon |   6129 |   5797 |    332 |   2222 |   2128 |   6 | 1021.5 |
               +--------+--------+--------+--------+--------+-----+--------+

Top non-repeatable levels by time:
     D:3: 1791 daAuts
     D:2: 1564 daAuts
     D:4: 1383 daAuts
     D:1: 1199 daAuts
     D:5: 188 daAuts
     D:6: 1 daAuts
